 Dungeon Crawl Stone Soup version 0.31-a0-818-ge7c7cf74f0 (webtiles) character file.

Game seed: 4879475865992176681

70 CowFu the Slasher (level 4, -2/39 HPs)
             Began as a Minotaur Fighter on Sept 22, 2023.
             Slain by a goblin
             ... wielding a +0 club
             ... led by Robin
              (4 damage)
             ... on level 2 of the Dungeon.
             The game lasted 00:01:03 (1157 turns).

CowFu the Slasher (Minotaur Fighter)                Turns: 1157, Time: 00:01:03

Health: -2/39      AC:  8    Str: 22    XL:     4   Next: 3%
Magic:  3/3        EV:  9    Int:  5    God:
Gold:   56         SH:  4    Dex: 10    Spells: 3/3 levels left

rFire   . . .        a - +0 long sword
rCold   . . .        c - +0 buckler
rNeg    . . .        e - +0 scale mail
rPois   .            (helmet restricted)
rElec   .            i - +0 cloak
rCorr   .            (no gloves)
SInv    .            (no boots)
Will    .....        k - amulet of faith Stlth
                     (no ring)
HPRegen 0.26/turn    (no ring)
MPRegen 0.08/turn

%: faith
@: lethally poisoned (-2 -> -6)
A: horns 2, retaliatory headbutt
a: no special abilities


You were on level 2 of the Dungeon.
You visited 1 branch of the dungeon, and saw 2 of its levels.

You collected 56 gold pieces.

Inventory:

Hand Weapons
 a - a +0 long sword (weapon)
 b - a +1 dagger of flaming
Armour
 c - a +0 buckler (worn)
 e - a +0 scale mail (worn)
 i - a +0 cloak (worn)
Jewellery
 k - an amulet of faith (around neck)
Scrolls
 g - a scroll of torment {unknown}
 h - a scroll of identify {unknown}
 l - a scroll of summoning {unknown}
 m - 2 scrolls of enchant weapon {unknown}
Potions
 d - a potion of might
 f - a potion of resistance {unknown}
 j - a potion of heal wounds {unknown}
 n - a potion of mutation {unknown}


   Skills:
 - Level 3.6 Fighting
 + Level 5.3 Long Blades
 - Level 3.6 Armour
 - Level 3.6 Shields


You had 3 spell levels left.
You didn't know any spells.
Your spell library was empty.

Dungeon Overview and Level Annotations

Branches:
Dungeon (2/15)

Altars:


Innate Abilities, Weirdness & Mutations

You have a pair of horns on your head.
You reflexively headbutt those who attack you in melee.


Message History

You are too injured to fight recklessly!
You are too injured to fight recklessly!
You are too injured to fight recklessly!
You are too injured to fight recklessly!
You are too injured to fight recklessly!
You are too injured to fight recklessly!
You are too injured to fight recklessly!
You are too injured to fight recklessly!
You are too injured to fight recklessly!
You are too injured to fight recklessly!
You are too injured to fight recklessly!
You are too injured to fight recklessly!
You hit Robin but do no damage. Your headbutt misses Robin.
Robin is almost dead.
Robin laughs in a distinctly smug fashion.
You block Robin's attack. The hobgoblin barely misses you.
The goblin barely misses you.
You hit Robin.
You kill Robin!
The goblin hits you but does no damage. You block the hobgoblin's attack.
You have reached level 4!
You feel agile.
You hit the hobgoblin.
You kill the hobgoblin!
The goblin closely misses you. The adder bites you but does no damage.
You barely miss the adder. The goblin hits you with a +0 club.
* * * LOW HITPOINT WARNING * * *
The adder bites you.
* * * LOW HITPOINT WARNING * * *
You are lethally poisoned!
The adder poisons you!
You closely miss the adder.
* * * LOW HITPOINT WARNING * * *
You feel sick. You block the adder's attack.
The goblin hits you with a +0 club.
* * * LOW HITPOINT WARNING * * *
The adder closely misses you. You furiously retaliate!
You headbutt the adder!
You kill the adder!
The goblin hits you with a +0 club.
You die...

#. ###.## #######<#..#
........##.#####
..............>
g.......##.#..
...?..g.##.#.####
.....ggggg.#...)#
....g.g####..##@#
...g... #....##g#
.......#..##.##)######
..######.# #.##......#
. ... #.#######.###
#.# #.. #...# #. ###
###.# # ###)# #<..#


You could see a goblin (strong).

Vanquished Creatures
  Robin (D:2)
  An adder (D:2)
  2 dart slugs (D:1)
  5 ball pythons (D:1)
  2 bats (D:1)
  An endoplasm (D:1)
  A giant cockroach (D:1)
  7 hobgoblins
  8 jackals (D:1)
  A quokka (D:1)
  A frilled lizard (D:1)
  11 goblins
  4 kobolds
  4 rats
49 creatures vanquished.

Notes
Turn   | Place    | Note
-------+----------+-------------------------------------------
     0 | D:1      | CowFu the Minotaur Fighter began the quest for the Orb.
     0 | D:1      | Reached XP level 1. HP: 19/19 MP: 0/0
    49 | D:1      | Reached skill level 3 in Long Blades
    87 | D:1      | Reached XP level 2. HP: 26/26 MP: 1/1
   470 | D:1      | Reached skill level 4 in Long Blades
   608 | D:1      | Reached XP level 3. HP: 31/31 MP: 2/2
  1106 | D:2      | Noticed Robin
  1140 | D:2      | Reached skill level 5 in Long Blades
  1154 | D:2      | Killed Robin
  1155 | D:2      | Reached XP level 4. HP: 13/39 MP: 3/3
  1157 | D:2      | Slain by a goblin

Illustrated notes

Levels and vault maps discovered:
D:1:      minmay_arrival_wavy_path, layout_basic, serial_corexii_hall,
          corexii_hall_statues_l, chequers_hall_statues_y
D:2:      layout_basic, hellmonk_ecumenical_altar_slurped_away, uniq_jessica,
          uniq_robin

Skill      XL: |  1  2  3 |
---------------+----------+-----
Long Blades    | 3 4 5 |  5.3
Fighting       | |  3.6
Armour         | |  3.6
Shields        | |  3.6

Action                     |  1- 3 |  4- 6 || total
---------------------------+-------+-------++-------
  Melee: Long sword        |   110 |     3 ||   113
         Headbutt          |    14 |       ||    14
 Armour: Scale mail        |    83 |     5 ||    88
  Dodge: Dodged            |    52 |     2 ||    54
  Block: Buckler           |    34 |     1 ||    35

Table legend: (Time is in decaauts)
 A = Elapsed time spent in this place.
 B = Non-inter-level travel time spent in this place.
 C = Inter-level travel time spent in this place.
 D = Time resting spent in this place.
 E = Time spent auto-exploring this place.
 F = Levels seen in this place.
 G = Mean time per level.
                   A        B        C        D        E       F      G
               +--------+--------+--------+--------+--------+-----+--------+
         Total |   1180 |   1118 |     62 |      0 |    836 |   2 |  590.0 |
       Dungeon |   1180 |   1118 |     62 |      0 |    836 |   2 |  590.0 |
               +--------+--------+--------+--------+--------+-----+--------+

Top non-repeatable levels by time:
     D:1: 1088 daAuts
     D:2: 92 daAuts
